 Dungeon Crawl Stone Soup version 0.30-a0-311-gf115ab0292 (webtiles) character file.

Game seed: 13323299621664778961

1869 Harunobu the Fighter (level 8, -4/64 (75) HPs)
             Began as a Minotaur Monk on Oct 25, 2022.
             Slain by a wight
             ... wielding a +3 spear
              (6 damage)
             ... on level 6 of the Dungeon.
             The game lasted 00:08:53 (5995 turns).

Harunobu the Fighter (Minotaur Monk)                Turns: 5995, Time: 00:08:54

HP:   -4/64 (75)    AC:  7    Str: 18    XL:     8   Next: 90%
MP:   7/7           EV: 12    Int:  7    God:
Gold: 197           SH:  0    Dex: 13    Spells: 7/7 levels left

rFire   . . .      SeeInvis .    z - +4 great sword
rCold   + . .      Faith    .    (shield currently unavailable)
rNeg    . . .      Spirit   .    l - +0 scale mail
rPois   +          Reflect  .    (helmet restricted)
rElec   .          Harm     .    d - +0 cloak
rCorr   .          Rampage  .    (no gloves)
Will    .....                    (no boots)
Stlth   ++........               f - amulet of the acrobat
HPRegen 0.30/turn                o - ring of protection from cold
MPRegen 0.10/turn                F - ring of poison resistance

@: heavily drained
A: horns 2, retaliatory headbutt
a: no special abilities


You were on level 6 of the Dungeon.
You visited 1 branch of the dungeon, and saw 6 of its levels.
You also visited: Sewer.

You collected 197 gold pieces.

Inventory:

Hand Weapons
 s - a +0 whip
 z - a +4 great sword (weapon)
Missiles
 H - 2 throwing nets (quivered)
Armour
 d - a +0 cloak (worn)
 l - a +0 scale mail (worn)
Jewellery
 f - an amulet of the acrobat (around neck)
 i - a ring of ice
 o - a ring of protection from cold (left hand)
 F - a ring of poison resistance (right hand)
 J - a ring of wizardry
 K - a ring of wizardry
Wands
 m - a wand of mindburst (11)
 q - a wand of flame (18)
Scrolls
 b - 2 scrolls of teleportation {unknown}
 e - 3 scrolls of poison {unknown}
 g - a scroll of magic mapping {unknown}
 k - 2 scrolls of butterflies {unknown}
 p - 2 scrolls of identify {unknown}
 u - 2 scrolls of immolation {unknown}
 v - 2 scrolls of enchant weapon {unknown}
 w - a scroll of brand weapon {unknown}
 x - a scroll of fear {unknown}
 y - 4 scrolls of enchant armour {unknown}
 A - a scroll of blinking
 C - a scroll of amnesia {unknown}
 I - a scroll of noise {unknown}
Potions
 a - a potion of degeneration {unknown}
 c - 2 potions of ambrosia
 h - a potion of magic {unknown}
 j - 2 potions of attraction {unknown}
 n - 4 potions of mutation {unknown}
 r - a potion of cancellation {unknown}
 t - a potion of brilliance {unknown}
 B - 2 potions of invisibility {unknown}
 D - a potion of haste
 E - a potion of lignification {unknown}
 G - 2 potions of curing {unknown}


   Skills:
 + Level 8.5 Fighting
 - Level 5.0 Maces & Flails
 + Level 7.9 Dodging
 + Level 6.0 Stealth


You had 7 spell levels left.
You didn't know any spells.
Your spell library was empty.

Dungeon Overview and Level Annotations

Branches:
Dungeon (6/15)              Sewer (visited)
 Temple: D:4-7

Altars:

Shops:
D:3 *

Annotations:
D:4 3 runed translucent doors, Bnni's ghost, novice KoBr; Caerun's ghost, weakling GnDe


Innate Abilities, Weirdness & Mutations

You have a pair of horns on your head.
You reflexively headbutt those who attack you in melee.


Message History

The sky beast hits you but does no damage.
The wight hits you from afar with a +3 spear.
You feel drained. The wight barely misses you.
The sky beast hits you but does no damage.
The wight hits you from afar with a +1 halberd.
You feel drained.
You slash the sky beast!
The sky beast is heavily wounded.
The wight hits you from afar with a +1 halberd!
You feel drained. The sky beast misses you. The wight closely misses you.
The wight hits you from afar with a +3 spear!
You feel drained.
* * * LOW HITPOINT WARNING * * *
The sky beast hits you.
* * * LOW HITPOINT WARNING * * *
The sky beast shocks you.
* * * LOW HITPOINT WARNING * * *
The wight hits you from afar with a +1 halberd.
* * * LOW HITPOINT WARNING * * *
The sky beast attacks as you move away! The sky beast misses you.
The sky beast attacks as you move away!
The sky beast hits you but does no damage.
The sky beast attacks as you move away! The sky beast barely misses you.
The sky beast attacks as you move away! The sky beast completely misses you.
The sky beast attacks as you move away! The sky beast closely misses you.
The sky beast flickers out of sight!
Deactivating autopickup; reactivate with Ctrl-A.
Things that are here:
an adder corpse; a bullfrog corpse Something closely misses you.
Something closely misses you. Something closely misses you.
Something closely misses you.
There is a stone staircase leading up here.
Something hits you.
* * * LOW HITPOINT WARNING * * *
Something shocks you.
* * * LOW HITPOINT WARNING * * *
The wight hits you from afar with a +3 spear.
You die...

##......>......#
#......###†###.#
....#.....##.#
#.#
.##....##.##z#
#.# .......
#÷##.# #.#
####.## #.##.#
#.# #.
#.##.###.# #.
#.#z..##.#
#@.......#
###...#### ##.##
..# ###


You could see a wight.

Vanquished Creatures
  Grinder (D:3)
  Sigmund (D:2)
  Eustachio (D:3)
  Duvessa (D:4)
  3 water moccasins
  A phantom (D:5)
  A scorpion (D:6)
  A necrophage (D:5)
  3 bullfrogs
  A wight (D:6)
  Dowan (D:3)
  A gnoll bouda (D:5)
  An orc priest (D:4)
  3 orc wizards (D:4)
  12 gnolls
  8 adders
  2 river rats (D:3)
  A white imp (D:5)
  3 dart slugs
  6 orcs
  8 ball pythons
  6 endoplasms
  13 giant cockroaches
  6 goblins
  4 hobgoblins
  4 jackals (D:3)
  11 kobolds
  6 quokkas
  4 bats
  12 frilled lizards
  6 rats
132 creatures vanquished.

Vanquished Creatures (others)
  3 withered plants (D:4)
3 creatures vanquished.

Grand Total: 135 creatures vanquished

Notes
Turn   | Place    | Note
-------+----------+-------------------------------------------
     0 | D:1      | Harunobu the Minotaur Monk began the quest for the Orb.
     0 | D:1      | Reached XP level 1. HP: 19/19 MP: 0/0
   107 | D:1      | Reached XP level 2. HP: 27/27 MP: 1/1
   291 | D:1      | Reached skill level 4 in Fighting
   291 | D:1      | Reached XP level 3. HP: 33/33 MP: 2/2
   954 | D:2      | Found a faded altar of an unknown god.
  1104 | D:2      | Noticed Sigmund
  1113 | D:2      | Killed Sigmund
  1114 | D:2      | Reached XP level 4. HP: 41/41 MP: 3/3
  1114 | D:2      | Reached XP level 5. HP: 47/47 MP: 4/4
  1534 | D:2      | Reached skill level 5 in Maces & Flails
  1841 | D:3      | Noticed Grinder
  1854 | D:3      | Killed Grinder
  1855 | D:3      | Reached skill level 5 in Fighting
  1855 | D:3      | Reached skill level 5 in Dodging
  1855 | D:3      | Reached XP level 6. HP: 47/56 MP: 5/5
  1984 | D:3      | Found Muruval's Assorted Antiques.
  2527 | D:3      | Found a glowing drain.
  2536 | Sewer    | Entered a sewer
  2749 | Sewer    | Reached XP level 7. HP: 62/62 MP: 6/6
  2835 | Sewer    | Reached skill level 6 in Fighting
  3095 | D:4      | Found a runed translucent gate.
  3095 | D:4      | Found a runed translucent gate.
  3096 | D:4      | Found a runed translucent gate.
  3097 | D:4      | Noticed Bnni's ghost (novice KoBr)
  3097 | D:4      | Noticed Caerun's ghost (weakling GnDe)
  3497 | D:4      | Noticed Dowan
  3498 | D:4      | Noticed Duvessa
  3499 | D:4      | Noticed Eustachio
  3506 | D:4      | Killed Duvessa
  3701 | D:3      | Killed Dowan
  3740 | D:3      | Killed Eustachio
  3741 | D:3      | Reached skill level 7 in Fighting
  3741 | D:3      | Reached XP level 8. HP: 44/73 MP: 7/7
  4454 | D:5      | Entered Level 5 of the Dungeon
  4462 | D:5      | Reached skill level 5 in Stealth
  5618 | D:5      | Reached skill level 8 in Fighting
  5995 | D:6      | HP: 2/64 [something (5)]
  5995 | D:6      | Slain by a wight

Illustrated notes

Levels and vault maps discovered:
D:1:      eino_arrival_druids_welcome, layout_basic, serial_glass,
          glass_columns_a, glass_columns_a, glass_columns_a, glass_columns_a,
          glass_columns_b, glass_columns_a, chequers_serial_rivers_large_b
D:2:      layout_basic, hellmonk_ecumenical_altar_run_dry, uniq_sigmund
D:3:      layout_loops_ring, serial_shops, nicolae_shop_behind_doors,
          portal_sewer_entry_e, uniq_grinder
D:4:      layout_layer_cave, gammafunk_ghost_cemetery,
          nicolae_concentric_dashed_squares_mild, nicolae_figureground_sparkle,
          uniq_duvessa, uniq_eustachio
D:5:      layout_gridville, roderic_lattice_a, kennysheep_crisscross
D:6:      layout_loops_ring, marbit_many_paths, minmay_temple_entry_offerings,
          minivault_22, uniq_blork_the_orc

Skill      XL: |  1  2  3  4  5  6  7  8 |
---------------+-------------------------+-----
Fighting       | 4 5 7 8 |  8.5
Maces & Flails | 4 5 |  5.0
Stealth        | 2 3 4 6 |  6.0
Dodging        | 4 5 6 7 |  7.9

Action                   |  1- 3 |  4- 6 |  7- 9 || total
-------------------------+-------+-------+-------++-------
Melee: Mace              |    70 |     8 |       ||    78
       Headbutt          |     9 |    14 |    18 ||    41
       Whip              |       |   114 |    28 ||   142
       Great sword       |       |       |   127 ||   127
  Use: Potion            |       |       |     1 ||     1
 Stab: Sleeping          |     3 |       |     2 ||     5
Armor: Robe              |     9 |       |       ||     9
       Scale mail        |     8 |    46 |   113 ||   167
Dodge: Dodged            |    69 |    72 |   215 ||   356

Table legend: (Time is in decaauts)
 A = Elapsed time spent in this place.
 B = Non-inter-level travel time spent in this place.
 C = Inter-level travel time spent in this place.
 D = Time resting spent in this place.
 E = Time spent auto-exploring this place.
 F = Levels seen in this place.
 G = Mean time per level.
                   A        B        C        D        E       F      G
               +--------+--------+--------+--------+--------+-----+--------+
         Total |   6143 |   5980 |    163 |   1334 |   3303 |   7 |  877.6 |
       Dungeon |   5643 |   5480 |    163 |   1231 |   3189 |   6 |  940.5 |
         Sewer |    500 |    500 |      0 |    103 |    114 |   1 |  500.0 |
               +--------+--------+--------+--------+--------+-----+--------+

Top non-repeatable levels by time:
     D:4: 1356 daAuts
     D:5: 1201 daAuts
     D:2: 1130 daAuts
     D:3: 1030 daAuts
     D:1: 707 daAuts
   Sewer: 500 daAuts
     D:6: 217 daAuts
